AoeStats
← ynimral27

Arena

509520096Analyzed
4v4 RM · 6d ago on Sep 27, 2026· 41m 41s· 8 players
Game mode
Random Map
Map size
Large (8 player)
Population
200
Speed
Normal
Resources
Standard
Victory
Conquest
Starting age
Dark Age
Ending age
Imperial Age
RankedLock teamsTeams togetherTeam positionsShared explorationLock speedFull tech treeHidden civsTurbo modeCheats
Victory
Defeat
🇺🇸 Khmer · United States
1197
+13
🇺🇸 Malay · United States
1175
+14
🇸🇪 Turks · Sweden
1145
+14
🇲🇽 Persians · Mexico
1109
+15
🇺🇾 Teutons · Uruguay
1147
-15
🇯🇵 Khitans · Japan
1123
-14
🇵🇪 Berbers · Peru
1109
-14
🇨🇦 Saxons · Canada
1098
-13
mentat
10:43 Feudal Age
14:07 Castle Age
13:15 Double-Bit Axe
13:59 Horse Collar
20:49 Loom
21:46 Wheelbarrow
22:12 Town Watch
22:24 Gold Mining
23:07 Hand Cart
27:15 Imperial Age
24:54 Scale Barding Armor
25:29 Bow Saw
25:20 Heavy Plow
25:35 Husbandry
25:46 Forging
27:05 Gold Shaft Mining
28:47 Iron Casting
28:34 Elite Battle Elephant
31:52 Devotion
33:33 Faith
33:43 Conscription
38:08 Stone Mining
40:48 Redemption
43:12 Blast Furnace
42:07 Fletching
FappingFuriously
11:55 Feudal Age
15:37 Castle Age
13:25 Horse Collar
18:06 Loom
21:16 Imperial Age
31:32 Padded Archer Armor
39:24 Double-Bit Axe
FetusDeletus
10:21 Feudal Age
14:12 Castle Age
13:27 Double-Bit Axe
15:10 Bow Saw
16:38 Horse Collar
20:21 Wheelbarrow
27:08 Imperial Age
25:08 Husbandry
25:17 Scale Barding Armor
25:22 Forging
26:21 Chain Barding Armor
26:21 Gold Mining
26:17 Loom
26:18 Town Watch
26:28 Town Watch
28:35 Plate Barding Armor
28:12 Bloodlines
27:33 Cavalier
30:52 Light Cavalry
32:09 Iron Casting
31:27 Fletching
32:38 Hand Cart
32:24 Town Patrol
33:03 Gold Shaft Mining
32:19 Stone Mining
33:54 Coinage
33:26 Caravan
35:10 Hussar
38:25 Blast Furnace
39:32 Heavy Scorpion
41:39 Ballistics
42:20 Chemistry
JR | jromano
10:01 Feudal Age
14:09 Castle Age
12:31 Horse Collar
13:11 Double-Bit Axe
15:12 Bow Saw
24:22 Heavy Plow
25:27 Wheelbarrow
24:39 Loom
26:04 Gold Mining
26:04 Stone Mining
27:47 Hand Cart
27:19 Town Watch
28:15 Gold Shaft Mining
28:16 Stone Shaft Mining
28:18 Scale Barding Armor
28:26 Forging
30:48 Imperial Age
29:53 Chain Barding Armor
29:24 Fletching
29:58 Ballistics
29:33 Murder Holes
29:50 Careening
30:35 Iron Casting
30:03 Husbandry
30:13 Bloodlines
30:24 Masonry
30:42 Padded Archer Armor
32:14 Plate Barding Armor
32:40 Blast Furnace
31:55 Cavalier
32:30 Bodkin Arrow
32:50 Leather Archer Armor
33:35 Chemistry
34:18 Savar
34:53 Crossbowman
35:39 Thumb Ring
36:11 Conscription
37:05 Kamandaran
40:35 Architecture
GR4Y_BE4RD
11:01 Feudal Age
12:17 Double-Bit Axe
14:59 Castle Age
14:34 Horse Collar
16:05 Bow Saw
16:40 Fletching
18:37 Loom
22:29 Wheelbarrow
24:22 Hand Cart
23:54 Clerical Recruitment
25:45 Sanctity
24:56 Elite Skirmisher
27:15 Redemption
27:48 Devotion
33:31 Imperial Age
33:03 Town Watch
34:31 Bodkin Arrow
34:37 Padded Archer Armor
34:45 Thumb Ring
35:01 Town Patrol
36:56 Bracer
37:02 Squires
cupubangetz
10:08 Feudal Age
10:47 Double-Bit Axe
14:25 Castle Age
12:41 Domestication
14:10 Loom
15:23 Bow Saw
15:49 Pastoralism
18:58 Stone Mining
21:24 Stone Shaft Mining
22:17 Gold Mining
24:35 Treadmill Crane
29:01 Imperial Age
27:07 Wheelbarrow
26:19 Town Watch
27:05 Forging
27:01 Scale Barding Armor
26:46 Fletching
26:34 Pikeman
27:15 Squires
27:30 Masonry
27:17 Murder Holes
28:19 Husbandry
28:49 Ballistics
29:07 Iron Casting
28:52 Chain Barding Armor
28:32 Padded Archer Armor
29:22 Hand Cart
30:18 Conscription
31:03 Two-Man Saw
32:13 Transhumance
32:08 Bodkin Arrow
33:36 Guilds
33:07 Heavy Camel Rider
33:26 Elite Fire Lancer
34:09 Scale Mail Armor
35:14 Chain Mail Armor
37:48 Bracer
Machincito
11:13 Feudal Age
12:37 Wheelbarrow
11:49 Double-Bit Axe
17:13 Castle Age
15:00 Town Watch
16:33 Horse Collar
18:21 Loom
20:34 Bow Saw
20:42 Heavy Plow
30:13 Imperial Age
28:06 Gold Mining
28:35 Fletching
29:46 Stone Mining
30:01 Kasbah
31:05 Hand Cart
30:48 Bodkin Arrow
30:54 Padded Archer Armor
31:15 Fervor
31:48 Theocracy
33:13 Thumb Ring
32:28 Elite Genitour
33:12 Bracer
33:27 Leather Archer Armor
33:35 Ballistics
34:09 Conscription
35:00 Bloodlines
34:51 Husbandry
34:12 Heavy Camel Rider
36:15 Forging
36:06 Scale Mail Armor
36:37 Ring Archer Armor
35:33 Pikeman
36:13 Squires
35:59 Arson
39:36 Iron Casting
39:16 Chain Mail Armor
39:04 Elite Camel Archer
40:17 Masonry
ynimral27
11:09 Feudal Age
11:40 Horse Collar
16:21 Castle Age
14:25 Double-Bit Axe
15:17 Gold Mining
18:20 Heavy Plow
19:00 Wheelbarrow
20:22 Bow Saw
23:49 Hand Cart
25:45 Scale Barding Armor
25:50 Forging
25:54 Bloodlines
31:22 Iron Casting
31:45 Chain Barding Armor
35:26 Imperial Age
35:29 Cavalier
36:50 Plate Barding Armor
37:15 Blast Furnace
Connection lost

Rejoining the realm…

Still unreachable

The connection could not be restored.

Session expired

The server has moved on; the page needs a fresh start.